 Dungeon Crawl Stone Soup version 0.28.0-43-g3370ac3207 (webtiles) character file.

Game seed: 10158055936003712512

91499 croobank the Peltast (level 16, -24/122 HPs)
             Began as a Hill Orc Fighter on Mar 30, 2022.
             Was a Priest of Beogh.
             Killed from afar by Jorgrun (42 damage)
             ... with an iron shot
             ... on level 1 of the Shoals.
             The game lasted 03:01:42 (39266 turns).

croobank the Peltast (Hill Orc Fighter)            Turns: 39266, Time: 03:01:43

Health: -24/122    AC: 29    Str: 30    XL:     16   Next: 3%
Magic:  26/27      EV:  5    Int:  8    God:    Beogh [***...]
Gold:   1918       SH: 10    Dex: 10    Spells: 15/15 levels left

rFire   + + .      SeeInvis .   a - +2 demon whip (elec)
rCold   + . .      Faith    .   s - +3 buckler
rNeg    + . .      Spirit   .   d - +4 plate armour {rF+}
rPois   +          Reflect  .   W - +0 helmet
rElec   .          Harm     .   K - scarf {rC+ rF+}
rCorr   .          Rampage  .   f - +2 pair of gloves {Str+3}
Will    ++...      Clarity  +   h - +2 pair of boots
Stlth   ..........              V - amulet of the Four Winds {rN+ Will+++ Clar}
HPRegen 0.30/turn               N - ring of willpower
MPRegen 0.20/turn               l - ring of poison resistance

@: about to teleport, weak-willed, grasped by roots, constricted
A: no striking features
a: Renounce Religion, Smiting


You were on level 1 of the Shoals.
You worshipped Beogh.
Beogh was most pleased with you.
You visited 6 branches of the dungeon, and saw 26 of its levels.
You also visited: Ossuary and Volcano.

You collected 3629 gold pieces.
You spent 1711 gold pieces at shops.

Inventory:

Hand Weapons
 a - a +2 demon whip of electrocution (weapon)
 e - the +9 mace "Bycau" {antimagic, *Slow rCorr Int+3}
   (You found it on level 13 of the Dungeon)

   It reduces the magical energy of the wielder, and disrupts the spells and
   magical abilities of those it strikes.
   Natural abilities and divine invocations are not affected.
   Int:       It affects your intelligence (+3).
   rCorr:     It protects you from acid and corrosion.
   *Slow:     It may slow you when you take damage.
 k - a +1 scythe of flaming
 u - a +0 bardiche
 I - a +5 flail of freezing
 J - a +0 vorpal hand crossbow
 L - a +3 dire flail
 M - a +1 war axe of flaming
 O - the +4 short sword of Honesty {flame, *Slow rF+ rN+ Will+}
   (You found it on level 4 of the Lair of Beasts)

   It burns those it strikes, dealing additional fire damage.
   rF:        It protects you from fire.
   rN:        It protects you from negative energy.
   *Slow:     It may slow you when you take damage.
   Will:      It increases your willpower.
 U - a +4 long sword of holy wrath
 Y - the +8 storm bow {elec, penet}
   (You found it on level 6 of the Lair of Beasts)

   Any ammunition fired from it occasionally discharges a powerful burst of
   electricity upon striking a foe.
   Any ammunition fired by it passes through the targets it hits, potentially
   hitting all targets in its path until it reaches maximum range.
Missiles
 b - 3 silver boomerangs (quivered)
 m - 63 poisoned darts
 n - 635 arrows
 t - 15 boomerangs
 A - 4 curare-tipped darts
 B - 269 bolts
 F - 3 boomerangs of dispersal
 Q - 3 throwing nets
Armour
 c - a +2 cloak
 d - a +4 plate armour of fire resistance (worn)
 f - a +2 pair of gloves of strength (worn)
 h - a +2 pair of boots (worn)
 s - a +3 buckler (worn)
 K - a scarf of resistance (worn)
 W - a +0 helmet (worn)
Jewellery
 i - a ring of ice
 l - a ring of poison resistance (right hand)
 w - a ring of magical power
 y - a ring of see invisible
 G - a ring of resist corrosion
 N - a ring of willpower (left hand)
 S - an amulet of regeneration
 V - the amulet of the Four Winds (around neck) {rN+ Will+++ Clar}
   (You bought it in a shop on level 11 of the Dungeon)

   [amulet of nothing]

   rN:        It protects you from negative energy.
   Clar:      It protects you against confusion.
   Will:      It greatly increases your willpower.
Wands
 g - a wand of paralysis (4)
 o - a wand of iceblast (3)
 p - a wand of flame (6)
 v - a wand of acid (6)
 x - a wand of digging (13)
 E - a wand of mindburst (15)
Scrolls
 q - 3 scrolls of immolation
 r - 2 scrolls of identify
 C - 2 scrolls of fog
 T - 2 scrolls of magic mapping
Potions
 j - 4 potions of brilliance
 D - a potion of invisibility
 H - 3 potions of magic
 P - 2 potions of cancellation
 R - 4 potions of mutation
 Z - 3 potions of lignification


   Skills:
 - Level 5.7 Fighting
 - Level 11.8(14.5) Axes
 - Level 11.6(13.1) Maces & Flails
 * Level 9.9 Bows
 + Level 14.0 Armour
 - Level 15.8 Shields
 + Level 15.3 Invocations


You had 15 spell levels left.
You didn't know any spells.
Your spell library contained the following spells:

 Spells                   Type           Power      Damage    Failure   Level
 Foxfire                  Conj/Fire      0%         2x1d4     96%         1
 Magic Dart               Conj           0%         1d3       96%         1
 Blink                    Tloc           0%         N/A       99%         2
 Searing Ray              Conj           0%         2d4       99%         2
 Confusing Touch          Hex            0%         N/A       100%        3
 Conjure Flame            Conj/Fire      0%         6-21      100%        3
 Dazzling Flash           Conj/Hex       0%         N/A       100%        3
 Inner Flame              Hex/Fire       0%         N/A       100%        3
 Ozocubu's Armour         Ice            0%         N/A       100%        3
 Stone Arrow              Conj/Erth      0%         3d7       100%        3
 Animate Dead             Necr           0%         N/A       100%        4
 Flame Wave               Conj/Fire      0%         2d4       100%        4
 Fulminant Prism          Conj/Hex       0%         3d6       100%        4
 Iskenderun's Mystic Bla  Conj/Tloc      0%         2d3       100%        4
 Leda's Liquefaction      Hex/Erth       0%         N/A       100%        4
 Agony                    Necr           0%         N/A       100%        5
 Blade Hands              Tmut           0%         N/A       100%        5
 Fireball                 Conj/Fire      0%         3d3       100%        5
 Irradiate                Conj/Tmut      0%         3d13      100%        5
 Iskenderun's Battlesphe  Conj           0%         2d6       100%        5
 Lee's Rapid Deconstruct  Erth           0%         3d5*      100%        5
 Manifold Assault         Tloc           0%         N/A       100%        5
 Metabolic Englaciation   Hex/Ice        0%         N/A       100%        5
 Silence                  Hex/Air        0%         N/A       100%        5
 Yara's Violent Unravell  Hex/Tmut       0%         3d3       100%        5
 Conjure Ball Lightning   Conj/Air       0%         3x3d6     100%        6
 Dispersal                Tloc           0%         N/A       100%        6
 Simulacrum               Ice/Necr       0%         N/A       100%        6
 Statue Form              Tmut/Erth      0%         N/A       100%        6
 Dragon Form              Tmut           0%         N/A       100%        7
 Enfeeble                 Hex            0%         N/A       100%        7
 Haunt                    Necr/Summ      0%         N/A       100%        7
 Orb of Destruction       Conj           0%         9d5       100%        7
 Storm Form               Tmut/Air       0%         N/A       100%        7
 Disjunction              Tloc           0%         N/A       100%        8
 Infestation              Necr           0%         N/A       100%        8


Dungeon Overview and Level Annotations

Branches:
Dungeon (14/15)            Temple (0/1) D:5            Lair (6/6) D:11
 Shoals (1/4) Lair:4        Snake (2/4) Lair:2        Slime (0/5) Lair:5
    Orc (2/2) D:10            Elf (1/3) Orc:2        Vaults (0/5) D:13
Ossuary (visited)         Volcano (visited)

Altars:
Okawaru
Sif Muna
Vehumet
Beogh
Jiyva

Shops:
D:7 =*(*   D:9 !   D:10 :   D:11 =   D:12 ?   Orc:2 ?:![

Portals:
Pandemonium: Orc:2
Gauntlet: D:14

Annotations:
Lair:4 3 runed translucent doors, HunfridMar's ghost, journeyman DECj
Shoals:1 3 runed translucent doors, Jorgrun; Stoinky's ghost, journeyman MiAK


Message History

Jorgrun is lightly wounded.
You hit Jorgrun.
Jorgrun is lightly wounded.
Jorgrun casts a spell at you.
Roots burst forth from the earth!
The grasping roots grab you! The grasping roots constrict you!
You whack Jorgrun!
Jorgrun is lightly wounded.
You miss Jorgrun.
Jorgrun is lightly wounded.
Jorgrun mutters some incantations to himself.
Jorgrun hits you but does no damage. The grasping roots constrict you.
Okay, then.
Okay, then.
You closely miss Jorgrun.
Jorgrun is lightly wounded.
You barely miss Jorgrun.
Jorgrun is lightly wounded.
Jorgrun hits you with a +0 vorpal quarterstaff!
The grasping roots constrict you!
You whack Jorgrun!
Jorgrun is moderately wounded.
You whack Jorgrun!
Jorgrun is moderately wounded.
Jorgrun hits you with a +0 vorpal quarterstaff.
* * * LOW HITPOINT WARNING * * *
x2 The grasping roots constrict you.
* * * LOW HITPOINT WARNING * * *
As you read the scroll of teleportation, it crumbles to dust.
You feel strangely unstable. You block Jorgrun's attack.
The grasping roots constrict you!
* * * LOW HITPOINT WARNING * * *
You hit Jorgrun. Lightning courses through Jorgrun!
Jorgrun is heavily wounded.
You whack Jorgrun! Lightning courses through Jorgrun!
Jorgrun is severely wounded.
Jorgrun gestures at you while chanting. The iron shot hits you!!!
You die...

.......≈≈≈≈≈≈≈≈≈≈≈≈≈≈≈≈
.≈≈....≈≈≈≈≈≈≈≈≈≈≈≈≈≈≈≈≈
..........≈≈≈≈≈..≈≈≈≈≈≈≈ .....#
#..≈≈≈≈.c..≈≈≈≈≈ ....##
#...≈≈≈........ ##...##
#...≈≈c......# ##.#..#
#...≈≈.###c### ..##
.###...≈≈.##g# ...##..##....≈.#@#
.≈......##......## #..≈...≈..
.≈.≈≈≈≈≈≈≈≈≈≈≈..## #.≈≈≈.>≈≈.
≈..≈≈≈≈≈≈≈≈≈≈.≈≈.#### ##.≈≈≈≈.≈≈≈
...≈≈≈≈≈≈≈≈^≈>≈≈..#.###..≈≈≈≈≈≈≈≈
....≈≈≈≈≈≈≈..≈≈..##.....≈≈≈≈≈≈≈≈≈
.#...≈≈≈≈≈≈≈..≈≈≈.#.≈.).≈≈≈≈≈≈≈≈≈
###...≈≈≈≈≈≈≈≈≈≈≈≈.≈≈≈≈≈≈≈≈≈≈≈≈≈≈
# #..).≈≈≈≈..≈≈≈≈≈≈≈≈..≈≈≈≈≈≈....


You could see Jorgrun and a faun.

Vanquished Creatures
  A stone giant (D:10)
  Azrael (D:13)
  A fire dragon (Lair:6)
  An ettin (Orc:1)
  5 hydras
  Harold (Lair:2)
  A boulder beetle (D:13)
  2 demonspawn (Orc:2)
  A centaur warrior (D:13)
  A merfolk avatar (Shoals:1)
  5 naga warriors
  An anaconda (Snake:1)
  3 two-headed ogres
  An alligator snapping turtle (Shoals:1)
  A tengu warrior (D:13)
  2 naga sharpshooters
  An orc high priest (Orc:2)
  A shock serpent (Snake:1)
  3 skeletal warriors (D:13)
  3 sea snakes (Shoals:1)
  A naga ritualist (Snake:1)
  8 harpies (Shoals:1)
  2 orc knights
  4 ugly things
  2 deep elf pyromancers (D:13)
  5 mana vipers (Snake:1)
  2 orc sorcerers (Orc:2)
  2 salamanders
  2 manticores
  A cyclops (D:13)
  6 elephants (Lair:4)
  2 naga magi (Snake:1)
  A water nymph (Shoals:1)
  2 merfolk sirens (Shoals:1)
  2 guardian serpents (Snake:1)
  13 black mambas
  3 molten gargoyles (Lair:6)
  An unseen horror (D:10)
  2 kobold demonologists
  7 komodo dragons
  3 cane toads
  5 rime drakes (Lair:6)
  Maggie (D:8)
  2 yaktaurs (D:13)
  A hellwing (Orc:2)
  A polar bear (shapeshifter) (D:9)
  2 polar bears
  A red devil (Orc:2)
  A wind drake (Shoals:1)
  3 merfolk (Shoals:1)
  5 trolls
  12 blink frogs
  10 slime creatures
  Prince Ribbit (D:6)
  A dream sheep (Lair:4)
  Sigmund (D:3)
  2 shadows
  A spriggan (Lair:5)
  2 water elementals (Shoals:1)
  Grum (D:11)
  3 wraiths
  A wyvern (Lair:4)
  37 yaks
  3 basilisks
  3 fire elementals (D:13)
  A steam dragon (D:7)
  2 vampire mosquitoes (D:12)
  3 wargs (D:11)
  11 nagas
  5 hell hounds
  15 water moccasins
  14 orc warriors
  A sky beast (D:7)
  An ice beast (D:8)
  8 black bears
  3 ogres
  3 wolves
  8 centaurs
  A boggart (D:13)
  A phantom (D:6)
  3 kobold brigands
  2 scorpions
  3 bullfrogs
  A wyvern zombie (D:8)
  4 water moccasin skeletons
  6 killer bees (D:10)
  12 wights
  4 electric eels (D:10)
  4 centaur zombies
  3 lava snakes (Lair:6)
  4 hounds
  A gnoll shaman (D:8)
  9 orc priests
  5 centaur skeletons
  An iguana (D:7)
  16 orc wizards
  3 hell rats (Lair:5)
  2 howler monkey zombies
  3 gnolls (D:8)
  5 adders (D:2)
  A shadow imp (D:5)
  An ufetubus (D:6)
  An adder zombie (Ossuary)
  2 dart slugs
  4 worms (D:2)
  41 orcs
  7 endoplasms
  A giant cockroach (D:3)
  7 goblins
  6 hobgoblins
  8 jackals
  5 quokkas
  5 ball pythons
  A ball python skeleton (Ossuary)
  6 bats
  6 frilled lizards
  A hobgoblin skeleton (Ossuary)
  4 hobgoblin zombies (Ossuary)
  20 kobolds
  A kobold zombie (Ossuary)
  An orc skeleton (Ossuary)
  An orc zombie (Ossuary)
  5 rats
510 creatures vanquished.

Vanquished Creatures (collateral kills)
  A boulder beetle (Lair:3)
  6 hydras
  A demonspawn (Orc:2)
  A dancing weapon (Elf:1)
  3 orc high priests
  3 skeletal warriors (D:13)
  2 lindwurms (Lair:6)
  A deep elf zephyrmancer (Elf:1)
  3 orc knights (Orc:2)
  6 orc sorcerers
  Maurice (Orc:2)
  5 elephants
  3 black mambas
  An orange demon (Orc:2)
  3 cane toads (Lair:6)
  A centaur skeleton (D:13)
  A kobold demonologist (D:12)
  2 rime drakes (Lair:6)
  A yaktaur (D:13)
  5 komodo dragons
  3 trolls
  3 slime creatures (D:12)
  11 blink frogs
  6 dream sheep (Lair:4)
  6 yaks
  A vampire (D:12)
  3 wyverns (Lair:6)
  3 steam dragons (Lair:6)
  2 basilisks (Lair:6)
  3 vampire mosquitoes (D:12)
  A warg (Orc:2)
  4 hell hounds
  8 water moccasins
  8 orc warriors
  A black bear (Lair:5)
  2 wolves (Lair:5)
  5 centaurs
  2 kobold brigands (D:13)
  A bullfrog (Lair:3)
  A scorpion (Lair:3)
  A howler monkey (D:12)
  A lava snake (Lair:6)
  5 orc priests
  4 orc wizards
  4 hell rats (Lair:5)
  12 orcs
151 creatures vanquished.

Vanquished Creatures (others)
  2 orc warlords
  2 orc high priests (Orc:2)
  2 orc knights
  2 orc sorcerers (Orc:2)
  5 orc wizards
  8 orc warriors
  2 electric eels (D:10)
  9 orc priests (Orc:2)
  16 orcs
  12 fungi
  44 plants
104 creatures vanquished.

Grand Total: 765 creatures vanquished

Notes
Turn   | Place    | Note
-------+----------+-------------------------------------------
     0 | D:1      | croobank the Hill Orc Fighter began the quest for the Orb.
     0 | D:1      | Reached XP level 1. HP: 19/19 MP: 1/1
   107 | D:1      | Found a faded altar of an unknown god.
   265 | D:1      | Reached XP level 2. HP: 27/27 MP: 2/2
   860 | D:2      | Reached XP level 3. HP: 16/33 MP: 3/3
  1366 | D:2      | Reached XP level 4. HP: 38/40 MP: 4/4
  2159 | D:3      | Noticed Sigmund
  2191 | D:4      | Noticed a black bear
  2196 | D:4      | Killed a black bear
  2197 | D:4      | Reached XP level 5. HP: 47/47 MP: 5/5
  2219 | D:3      | Killed Sigmund
  2220 | D:3      | Reached skill level 5 in Fighting
  2220 | D:3      | Reached skill level 5 in Axes
  2220 | D:3      | Reached XP level 6. HP: 28/56 MP: 6/6
  2935 | D:4      | Reached skill level 5 in Armour
  2935 | D:4      | Reached skill level 5 in Shields
  2935 | D:4      | Reached XP level 7. HP: 53/61 MP: 7/7
  3286 | D:4      | Reached skill level 1 in Maces & Flails
  3910 | D:5      | Entered Level 5 of the Dungeon
  4233 | D:5      | Reached XP level 8. HP: 67/70 MP: 8/8
  4499 | D:5      | Found a staircase to the Ecumenical Temple.
  4565 | D:6      | Reached skill level 5 in Maces & Flails
  4621 | D:6      | Found a sand-covered staircase.
  4627 | Ossuary  | Entered an ossuary
  4725 | Ossuary  | Noticed a flying skull
  4725 | Ossuary  | Noticed a wraith
  4744 | Ossuary  | Noticed a flying skull
  4787 | Ossuary  | Noticed a wraith
  4795 | Ossuary  | Killed a wraith
  4797 | Ossuary  | Noticed a flying skull
  5010 | D:6      | Noticed Prince Ribbit
  5017 | D:6      | Killed Prince Ribbit
  5018 | D:6      | Reached XP level 9. HP: 75/75 MP: 9/9
  5066 | D:6      | Found a radiant altar of Vehumet.
  5429 | D:7      | Found Ulymn's Assorted Antiques.
  5441 | D:7      | Bought a scroll of identify for 54 gold pieces
  5441 | D:7      | Bought a scroll of identify for 54 gold pieces
  5568 | D:7      | Found Timubech's Jewellery Shop.
  5585 | D:7      | Bought a ring of see invisible for 165 gold pieces
  5591 | D:7      | Noticed a troll
  5604 | D:7      | Killed a troll
  6188 | D:7      | Found Lasasiaw's Weapon Emporium.
  6751 | D:7      | Found Viaw's Assorted Antiques.
  6762 | D:7      | Bought a scroll of identify for 36 gold pieces
  7202 | D:8      | Became a worshipper of Beogh the Brigand
  7714 | D:8      | Noticed Maggie
  7723 | D:8      | Killed Maggie
  7724 | D:8      | Reached skill level 10 in Maces & Flails
  7731 | D:8      | Reached XP level 10. HP: 58/83 MP: 10/10
  8435 | D:9      | Found Qecwux's Distillery.
  8492 | D:9      | Bought a potion of might for 44 gold pieces
  8671 | D:9      | Noticed a two-headed ogre
  8674 | D:10     | Entered Level 10 of the Dungeon
  8688 | D:10     | Noticed a kobold demonologist
  8693 | D:10     | Noticed a stone giant
  9018 | D:9      | Reached * piety under Beogh
  9731 | D:9      | Killed a two-headed ogre
  9732 | D:9      | Reached skill level 10 in Shields
  9812 | D:10     | Found Qaatsimn's Book Boutique.
  9991 | D:10     | Reached skill level 1 in Invocations
 10208 | D:10     | Killed a stone giant
 10209 | D:10     | Reached XP level 11. HP: 34/89 MP: 11/13
 10611 | D:10     | Found a staircase to the Orcish Mines.
 10839 | Orc:1    | Entered Level 1 of the Orcish Mines
 10839 | Orc:1    | You fall into a shaft and drop 1 floor!
 10839 | Orc:2    | Entered Level 2 of the Orcish Mines
 10863 | Orc:2    | Noticed a two-headed ogre
 10875 | Orc:2    | Killed a two-headed ogre
 10921 | Orc:1    | Noticed an orc high priest
 10921 | Orc:1    | Noticed an ettin
 11002 | Orc:1    | Noticed an orc knight
 11013 | Orc:1    | Reached skill level 5 in Invocations
 11024 | Orc:2    | Reached ** piety under Beogh
 11220 | Orc:2    | HP: 4/89 [orc knight/+1 vorpal battleaxe (6)]
 11222 | Orc:2    | Killed an orc knight
 11586 | Orc:1    | Killed an ettin
 12832 | D:11     | Noticed a seven-headed hydra
 12842 | D:11     | Killed a four-headed hydra
 13183 | D:11     | Found Osyry's Jewellery Shop.
 13199 | D:11     | Found a staircase to the Lair.
 13412 | D:11     | Noticed Grum
 13427 | D:11     | Killed Grum
 13833 | D:11     | Reached XP level 12. HP: 44/95 MP: 17/17
 14937 | D:12     | Reached *** piety under Beogh
 14993 | D:12     | Noticed a five-headed hydra
 15002 | D:12     | Killed a one-headed hydra
 15013 | D:12     | Identified a scroll of acquirement
 15013 | D:12     | Acquired 500 gold pieces
 15098 | D:11     | Bought the amulet of the Four Winds {rN+ Will+++ Clar} for
                  | 658 gold pieces
 15098 | D:11     | Found the amulet of the Four Winds {rN+ Will+++ Clar}
 15119 | Lair:1   | Entered Level 1 of the Lair of Beasts
 15577 | Lair:1   | Noticed a four-headed hydra
 15585 | Lair:1   | Killed a one-headed hydra
 16621 | Lair:2   | Noticed an eight-headed hydra
 16634 | Lair:2   | Killed a one-headed hydra
 17324 | Lair:2   | Gained Hawl as an ally
 17325 | Lair:2   | Reached skill level 10 in Invocations
 17529 | Lair:2   | Found a staircase to the Snake Pit.
 17612 | D:11     | Bought a ring of poison resistance for 300 gold pieces
 17865 | Lair:2   | Gained Worak as an ally
 17866 | Lair:2   | Reached skill level 10 in Armour
 17867 | Lair:2   | Your ally Hawl died
 18082 | Lair:2   | Reached XP level 13. HP: 64/102 MP: 20/20
 18150 | Lair:2   | Reached skill level 10 in Axes
 18402 | Lair:2   | Noticed Harold
 18414 | Lair:2   | Killed Harold
 20223 | Lair:4   | Found a dark tunnel.
 20234 | Volcano  | Entered a volcano
 20302 | Lair:4   | Reached **** piety under Beogh
 20464 | Lair:4   | Found a staircase to the Shoals.
 20532 | Lair:4   | Identified the +4 short sword of Honesty {flame, *Slow rF+
                  | rN+ Will+}
 20846 | Lair:4   | Got Cacun's Papyrus of Unstable Conjuration
 20977 | Lair:4   | Found a runed translucent gate.
 20977 | Lair:4   | Found a runed translucent gate.
 20977 | Lair:4   | Found a runed translucent gate.
 20977 | Lair:4   | Noticed an azure jelly
 20977 | Lair:4   | Noticed HunfridMar's ghost (journeyman DECj)
 20977 | Lair:4   | Noticed an azure jelly
 20977 | Lair:4   | Noticed an azure jelly
 20977 | Lair:4   | Noticed an azure jelly
 20977 | Lair:4   | Noticed an acid blob
 20977 | Lair:4   | Noticed an acid blob
 20977 | Lair:4   | Noticed a rockslime
 20977 | Lair:4   | Noticed an acid blob
 20977 | Lair:4   | Noticed an acid blob
 20977 | Lair:4   | Noticed a quicksilver ooze
 20978 | Lair:4   | Noticed an azure jelly
 20978 | Lair:4   | Noticed an azure jelly
 20978 | Lair:4   | Noticed an azure jelly
 21358 | Lair:4   | Found a viscous altar of Jiyva.
 21365 | Lair:5   | Found a viscous altar of Jiyva.
 21365 | Lair:5   | Found a staircase to the Slime Pits.
 22434 | Lair:6   | Entered Level 6 of the Lair of Beasts
 22833 | Lair:6   | Found the +8 storm bow {elec, penet}
 22980 | Lair:6   | Reached ***** piety under Beogh
 22981 | Lair:6   | Reached skill level 1 in Bows
 23078 | Lair:6   | Reached XP level 14. HP: 70/108 MP: 23/23
 24036 | Lair:6   | Found a large runed translucent door.
 24036 | Lair:6   | Found a large runed translucent door.
 24328 | Lair:6   | Found an iron altar of Okawaru.
 25442 | Orc:1    | Reached skill level 15 in Shields
 25716 | Orc:1    | Found a roughly hewn altar of Beogh.
 26084 | Orc:1    | Found a roughly hewn altar of Beogh.
 26223 | Orc:2    | Found Gelloh's Distillery.
 26230 | Orc:2    | Found Ili Jete's Magic Scroll Shop.
 26232 | Orc:2    | Gained Arbeogh as an ally
 26236 | Orc:2    | Your ally Arbeogh died
 26405 | Orc:2    | Bought a potion of might for 64 gold pieces
 26405 | Orc:2    | Bought a potion of heal wounds for 80 gold pieces
 26411 | Orc:2    | Bought a scroll of identify for 28 gold pieces
 26411 | Orc:2    | Bought a scroll of identify for 28 gold pieces
 26413 | Orc:2    | Acquired 707 gold pieces
 26470 | Orc:2    | Noticed Maurice
 26476 | Orc:2    | Killed Maurice
 26487 | Orc:2    | Reached skill level 5 in Bows
 26986 | Orc:2    | Found Zonucw's Book Shoppe.
 26986 | Orc:2    | Found Kaumocs's Antique Armour Emporium.
 26987 | Orc:2    | Found a one-way gate leading to the halls of Pandemonium.
 27251 | Orc:2    | Noticed an orc warlord
 27686 | Orc:2    | Found a staircase to the Elven Halls.
 27982 | Elf:1    | Entered Level 1 of the Elven Halls
 28513 | D:12     | Found Yxenask's Magic Scroll Shop.
 28656 | Orc:2    | Bought a glowing scarf for 200 gold pieces
 29372 | D:12     | Your ally Worak died
 29386 | D:12     | Gained Learuk as an ally
 30022 | D:13     | Your ally Learuk died
 30028 | D:13     | Found a gate to the Vaults.
 30439 | D:13     | Identified the +9 mace "Bycau" {antimagic, *Slow rCorr
                  | Int+3}
 30732 | D:13     | Reached XP level 15. HP: 46/115 MP: 25/25
 31739 | Snake:1  | Entered Level 1 of the Snake Pit
 36088 | D:13     | Noticed Azrael
 36526 | D:13     | Killed Azrael
 37211 | D:14     | Found a shimmering blue altar of Sif Muna.
 37227 | D:14     | Found a gate leading to a gauntlet.
 37745 | Shoals:1 | Entered Level 1 of the Shoals
 37776 | Shoals:1 | Reached skill level 15 in Invocations
 38876 | Shoals:1 | Found a runed translucent gate.
 38877 | Shoals:1 | Found a runed translucent gate.
 38878 | Shoals:1 | Found a runed translucent gate.
 38880 | Shoals:1 | Noticed Stoinky's ghost (journeyman MiAK)
 39085 | Shoals:1 | Reached XP level 16. HP: 122/122 MP: 27/27
 39249 | Shoals:1 | Noticed Jorgrun
 39266 | Shoals:1 | Killed from afar by Jorgrun

Illustrated notes

Levels and vault maps discovered:
D:1:      wander_arrival_estate, layout_loops_ring,
          ebering_ecumenical_altar_sacrificial
D:2:      layout_loops_cross, minmay_ruptured
D:3:      layout_rooms, chequers_garden, chequers_serial_rivers_micro_e,
          uniq_sigmund
D:4:      layout_loops_corners, minmay_box_of_dots
D:5:      layout_rooms, temple_statues, nicolae_fountain_basement
D:6:      layout_basic, amcnicky_altar_gilded, enter_ossuary_1,
          minmay_misc_feat_diagonals, uniq_prince_ribbit1
D:7:      corexii_shack_village, layout_basic, serial_shops,
          nicolae_shop_bloodbath_and_beyond, nicolae_shop_crystal,
          nicolae_stop_n_shop_2, shop, roderic_roman_lattice
D:8:      layout_basic, nicolae_concentric_dashed_squares_mild, uniq_maggie
D:9:      layout_irregular_city, serial_shops, shop_fountains
D:10:     layout_basic, david_orc_2, serial_shops, shop, kennysheep_island_fort
D:11:     layout_roguey, erik_lair_orcish_takeover, serial_shops,
          nicolae_shop_crystal, uniq_grum
D:12:     layout_long_grid, serial_shops, nicolae_shop_window_shopping
D:13:     layout_long_grid, hangedman_vaults_entry_quadrant_bands, uniq_azrael
D:14:     layout_irregular_city, portal_ice_cave_entry_ugly_swarm,
          gauntlet_entry_generic, led_sif_pool
Lair:1:   wad_woods_04, layout_small_grid, minivault_19
Lair:2:   layout_cave_pods, minmay_snake_entry_six_corridors, uniq_harold
Lair:3:   layout_long_grid, grunt_megastairs_5
Lair:4:   layout_cave_pods, minmay_shoals_entry_centaurs, gammafunk_ghost_ooze,
          nicolae_volcano_entry_hallway, serial_bayou_shore_b,
          grunt_megastairs_3
Lair:5:   layout_cave_pods, slime_altar_1, grunt_forest_stairs_clearing
Lair:6:   cheibrodos_lair_end_hotspot, layout_gridlike, basic_altar,
          minmay_lair_drake_nest, lemuel_fruit_tree, infiniplex_staircase_pool,
          serial_bayou_shore_b, serial_bayou_shore_b
Shoals:1: layout_shoals, ebering_ghost_rock_garden, uniq_jorgrun
Snake:1:  layout_basic
Snake:2:  layout_misc_corridors, basic_altar, serial_bayou_pond_e,
          minmay_shop_grove
Orc:1:    layout_diamond_mine, basic_altar, nicolae_orc_lost_temple
Orc:2:    pf_orc_diabolical, layout_diamond_mine, uniq_maurice
Elf:1:    layout_loops_cross, serial_shops, nicolae_lakefront_shop,
          minmay_elf_demonology, minivault_16, laboratory

Skill      XL: |  1  2  3  4  5  6  7  8  9 10 11 12 13 14 15 |
---------------+----------------------------------------------+-----
Axes           | 3 4 5 7 9 11 | 11.8
Fighting       | 4 5 |  5.7
Armour         | 4 5 6 8 10 11 12 14 | 14.0
Shields        | 4 5 6 7 9 11 12 13 14 15 | 15.8
Maces & Flails | 3 7 10 11 | 11.6
Invocations    | 3 7 10 12 13 15 | 15.3
Bows           | 1 6 9 |  9.9

Action                   |  1- 3 |  4- 6 |  7- 9 | 10-12 | 13-15 | 16-18 || total
-------------------------+-------+-------+-------+-------+-------+-------++-------
Melee: War axe           |   105 |   122 |    18 |   187 |    77 |       ||   509
       Demon whip        |       |       |   357 |   622 |  1149 |    25 ||  2153
       Short sword       |       |       |       |       |    61 |       ||    61
       Long sword        |       |       |       |       |    28 |       ||    28
Throw: Dart              |       |       |    13 |    20 |     1 |       ||    34
       Boomerang         |       |       |       |       |     1 |       ||     1
Invok: Convert to Beogh  |       |       |     1 |       |       |       ||     1
       Smiting           |       |       |       |     5 |    33 |     1 ||    39
       Recall Orcish Fol |       |       |       |       |     3 |       ||     3
       Give Item to Name |       |       |       |       |     1 |       ||     1
Evoke: Wand              |       |       |       |     4 |     6 |       ||    10
  Use: Scroll            |     2 |     4 |    13 |     9 |    15 |     1 ||    44
       Potion            |       |     1 |       |    12 |    16 |       ||    29
 Stab: Distracted        |       |       |       |     1 |     5 |       ||     6
       Invisible         |       |       |       |       |     2 |       ||     2
Armor: Scale mail        |    49 |    74 |       |       |       |       ||   123
       Plate armour      |       |     3 |   233 |   338 |   648 |    15 ||  1237
Dodge: Dodged            |    63 |    58 |    86 |   165 |   301 |     3 ||   676
Block: Buckler           |    23 |    31 |    92 |   173 |   442 |    12 ||   773
